 Dungeon Crawl Stone Soup version 0.31.0-11-ge490571c62 (webtiles) character file.

Game seed: 9951764062757101852

1440 qw the Nimble (level 8, 0/40 HPs)
             Began as a Spriggan Hunter on Feb 3, 2024.
             Was an Initiate of Okawaru.
             Succumbed to Dowan's poison
             ... on level 5 of the Dungeon.
             The game lasted 00:00:23 (4526 turns).

qw the Nimble (Spriggan Hunter)                     Turns: 4526, Time: 00:00:24

Health: 0/40       AC:  6    Str:  7    XL:     8   Next: 46%
Magic:  9/9        EV: 25    Int: 10    God:    Okawaru [......]
Gold:   298        SH:  0    Dex: 23    Spells: 7/7 levels left

rFire   . . .        a - +1 shortbow
rCold   . . .        (shield currently unavailable)
rNeg    . . .        c - +0 robe
rPois   .            (helmet restricted)
rElec   .            (no cloak)
rCorr   .            (gloves unavailable)
SInv    +            (boots unavailable)
Will    +....        (no amulet)
Stlth   ++           g - +4 ring of protection
HPRegen 0.26/turn    d - +2 ring of dexterity
MPRegen 0.11/turn

%: no passive effects
@: lethally poisoned (0 -> -13), about to teleport, very quick
A: very small, no large weapons, unfitting armour, see invisible, speed 3
a: Renounce Religion


You were on level 5 of the Dungeon.
You worshipped Okawaru.
Okawaru was noncommittal.
You visited 2 branches of the dungeon, and saw 6 of its levels.
You also visited: Sewer.

You collected 340 gold pieces.
You spent 42 gold pieces at shops.


Innate Abilities, Weirdness & Mutations

You are very small and have problems with some larger weapons.
You are too small for most types of armour.
You have supernaturally acute eyesight. (SInv)
You cover ground extremely quickly. (Speed+++)


   Skills:
 - Level 3.0 Fighting
 + Level 8.5 Ranged Weapons
 - Level 9.1 Dodging
 - Level 1.5 Stealth


You had 7 spell levels left.
You didn't know any spells.
Your spell library was empty.

Inventory:

Hand Weapons
 a - a +1 shortbow (weapon)
Armour
 c - a +0 robe (worn)
Jewellery
 d - a +2 ring of dexterity (right hand)
 g - a +4 ring of protection (left hand)
 l - an amulet of guardian spirit
Wands
 b - a wand of iceblast (4)
Scrolls
 e - a scroll of teleportation
 f - a scroll of identify
Potions
 h - a potion of might {unknown}
 i - a potion of enlightenment
 n - a potion of curing

Dungeon Overview and Level Annotations

Branches:
Dungeon (5/15)             Temple (1/1) D:5           Sewer (visited)

Altars:
Ashenzari
Cheibriados
Dithmenos
Elyvilon
Hepliaklqana
Kikubaaqudgha
Makhleb
Nemelex Xobeh
Okawaru
Qazlal
Ru
Trog
Uskayaw
Vehumet
Wu Jian
Xom
The Shining One

Shops:
D:2 =   D:4 (

Annotations:
D:5 Dowan


Message History

You shoot an arrow. The arrow closely misses Duvessa.
Duvessa misses you. Duvessa hits you with a +0 rapier!
Dowan completely misses you.
You shoot an arrow. The arrow barely misses Duvessa.
Duvessa hits you but does no damage. Dowan misses you.
You shoot an arrow. The arrow hits Duvessa.
Duvessa is almost dead.
Duvessa barely misses you. Duvessa hits you with a +0 rapier!
Dowan hits you with a +2 dagger of venom.
You are poisoned.
You shoot an arrow.
The arrow hits Duvessa but does no damage.
Duvessa is almost dead.
You feel very sick. Duvessa completely misses you. Dowan misses you.
You shoot an arrow. The arrow hits Duvessa!
You kill Duvessa!
Okawaru accepts your kill.
Dowan screams, "No!
Oh no!"
Dowan seems to find hidden reserves of power!
You feel sick.
Dowan hits you with a +2 dagger of venom.
You are lethally poisoned!
You shoot an arrow. The arrow closely misses Dowan.
You feel very sick. Dowan hits you but does no damage.
You are more poisoned.
Dowan completely misses you.
4523 ||| READING 2 scrolls of teleportation.
As you read the scroll of teleportation, it crumbles to dust.
You feel strangely unstable.
You feel very sick.
Dowan mumbles some strange words.
Dowan blinks!
4524 ||| FLEEEEING.
You feel sick.
4525 ||| FLEEEEING.
You feel sick.
4526 ||| FLEEEEING.
You die...

#.##.........................
#.##.........................
#####.##.........................
.................................
########.........................
########.........................
#............<...................
########...........)ยค............
#........@.....e..........
#.........................
#.........................
#.........................
#.........................
#.........................
#..<......................
########.........................
#................................


You could see Dowan (fast).

Vanquished Creatures
  Sigmund (D:3)
  Duvessa (D:5)
  An ice beast (D:5)
  A black bear (D:5)
  An ogre (D:4)
  A phantom (D:4)
  2 bullfrogs (Sewer)
  Blork the orc (D:5)
  A howler monkey (D:5)
  2 hounds (D:4)
  A bombardier beetle (D:2)
  An orc priest (D:4)
  A sleepcap (D:5)
  Ijyb (D:5)
  Natasha (thrice) (D:2)
  Terence (D:3)
  An iguana (D:5)
  7 gnolls
  10 adders
  8 dart slugs
  5 orcs
  9 endoplasms
  15 giant cockroaches
  13 goblins
  3 hobgoblins
  4 jackals (D:2)
  3 quokkas
  17 ball pythons
  5 bats
  17 frilled lizards
  7 kobolds
  10 rats
154 creatures vanquished.

Notes
Turn   | Place    | Note
-------+----------+-------------------------------------------
     0 | D:1      | qw the Spriggan Hunter began the quest for the Orb.
     0 | D:1      | Reached XP level 1. HP: 10/10 MP: 2/2
     0 | D:1      | 0 ||| qw: Version: 0.3-a-157-g843a77d
     0 | D:1      | 0 ||| qw: Game counter: 4020
     0 | D:1      | 0 ||| qw: Melee chars always use a shield: true
     0 | D:1      | 0 ||| qw: God list: Okawaru
     0 | D:1      | 0 ||| qw: Allow faded altars: false
     0 | D:1      | 0 ||| qw: Do Orc after clearing Dungeon:15 true
     0 | D:1      | 0 ||| qw: Do second Lair branch before Depths: true
     0 | D:1      | 0 ||| qw: Lair rune preference: random
     0 | D:1      | 0 ||| qw: Goals: Normal
     0 | D:1      | 0 ||| PLANNING D:1-11
    46 | D:1      | Reached skill level 3 in Dodging
   205 | D:1      | Reached XP level 2. HP: 14/14 MP: 3/3
   492 | D:1      | Reached skill level 4 in Dodging
   805 | D:1      | 805 ||| UPGRADING to amulet of guardian spirit.
   810 | D:1      | 810 ||| UPGRADING to +4 ring of protection.
   811 | D:1      | 811 ||| UPGRADING to ring of willpower.
   812 | D:1      | 812 ||| READING scroll labelled GUNUFF YFADU.
   812 | D:1      | 812 ||| ENCHANTING +0 shortbow.
   813 | D:1      | 813 ||| READING 2 scrolls labelled XYEKLESUSUA.
   816 | D:1      | 816 ||| READING scroll labelled PORPHO KAITUOCO.
   817 | D:1      | 817 ||| DRINKING 3 viscous green potions.
   861 | D:1      | 861 ||| DROPPING scroll of butterflies.
   862 | D:1      | 862 ||| DROPPING 2 potions of lignification.
   910 | D:2      | Noticed a bombardier beetle
   912 | D:2      | Killed a bombardier beetle
   913 | D:2      | Reached XP level 3. HP: 18/18 MP: 4/4
  1023 | D:2      | Found a shimmering altar of Xom.
  1045 | D:2      | Identified the +9 dagger "Qiapix" {heavy, Stlth+}
  1066 | D:2      | Noticed Natasha
  1071 | D:2      | Killed Natasha
  1072 | D:2      | Reached XP level 4. HP: 15/22 MP: 5/5
  1270 | D:2      | Found Netaim's One-of-a-Kind Rings.
  1278 | D:2      | 1278 ||| BUYING +2 ring of dexterity (42 gold).
  1278 | D:2      | Bought a +2 ring of dexterity for 42 gold pieces
  1278 | D:2      | 1278 ||| SHOPLISTING +8 ring of evasion (1092 gold, have
                  | 102).
  1278 | D:2      | 1278 ||| SHOPLISTING +9 ring of dexterity (1092 gold, have
                  | 102).
  1278 | D:2      | 1278 ||| SHOPLISTING ring of Igasen {rElec Int+6 Dex+2
                  | SInv} (817 gold, have 102).
  1280 | D:2      | You fall into a shaft and drop 2 floors!
  1280 | D:4      | Found an ornate altar of the Wu Jian Council.
  1281 | D:4      | 1281 ||| PLANNING SEWER
  1308 | D:4      | Reached skill level 5 in Dodging
  1346 | D:4      | Reached XP level 5. HP: 26/26 MP: 4/6
  1385 | D:4      | Noticed a phantom
  1394 | D:4      | Killed a phantom
  1470 | D:4      | Noticed an ogre
  1472 | D:4      | 1472 ||| RETREEEEATING.
  1475 | D:4      | 1475 ||| RETREEEEATING.
  1476 | D:4      | 1476 ||| RETREEEEATING.
  1481 | D:4      | Killed an ogre
  1482 | D:4      | Reached XP level 6. HP: 32/32 MP: 7/7
  1487 | D:4      | Reached skill level 6 in Ranged Weapons
  1512 | D:4      | Found Ewonum's Antique Weapon Shoppe.
  1769 | D:4      | Found a glowing drain.
  1774 | D:4      | 1774 ||| UPGRADING to +2 ring of dexterity.
  1776 | D:4      | 1776 ||| DROPPING ring of willpower.
  1777 | D:4      | 1777 ||| READING scroll labelled USACSO ERAR.
  1778 | D:4      | 1778 ||| READING scroll labelled ATAYTZEIMM.
  1778 | D:4      | 1778 ||| IDENTIFYING inky potion
  1779 | D:4      | 1779 ||| READING scroll labelled NUOTOGAMOTE.
  1807 | D:4      | 1807 ||| FLEEEEING.
  1838 | D:4      | Reached skill level 6 in Dodging
  1850 | Sewer    | Entered a sewer
  2109 | Sewer    | Reached skill level 7 in Dodging
  2109 | Sewer    | Reached XP level 7. HP: 35/35 MP: 6/8
  2149 | D:4      | 2149 ||| PLANNING D:1-11
  2207 | D:2      | Noticed Natasha
  2227 | D:2      | Killed Natasha
  2473 | D:2      | Noticed Natasha
  2491 | D:2      | Killed Natasha
  2631 | D:2      | 2631 ||| READING 2 scrolls labelled ECOTUR IXEXUSS.
  2732 | D:2      | 2732 ||| READING scroll labelled ICWAAV TAEROGH.
  2733 | D:2      | 2733 ||| READING scroll labelled ZYCUOT SAWA.
  2783 | D:2      | 2783 ||| DROPPING scroll of vulnerability.
  2883 | D:3      | Found a faded altar of an unknown god.
  3059 | D:3      | Noticed Terence
  3063 | D:3      | Killed Terence
  3353 | D:3      | Noticed Sigmund
  3354 | D:3      | 3354 ||| ZAPPING wand of mindburst (9) at -1,7 (Sigmund;
                  | floor).
  3355 | D:3      | 3355 ||| DRINKING murky inky potion.
  3356 | D:3      | 3356 ||| ZAPPING wand of mindburst (8) at 0,6 (Sigmund;
                  | floor).
  3357 | D:3      | 3357 ||| ZAPPING wand of mindburst (7) at 0,5 (Sigmund;
                  | floor).
  3358 | D:3      | 3358 ||| ZAPPING wand of mindburst (6) at 0,4 (Sigmund;
                  | floor).
  3359 | D:3      | 3359 ||| ZAPPING wand of mindburst (5) at 0,3 (Sigmund;
                  | floor).
  3360 | D:3      | 3360 ||| ZAPPING wand of mindburst (4) at 0,2 (Sigmund;
                  | floor).
  3360 | D:3      | Killed Sigmund
  3620 | D:3      | 3620 ||| DROPPING +6 ring of strength.
  3621 | D:3      | 3621 ||| READING 2 scrolls of identify.
  3621 | D:3      | 3621 ||| IDENTIFYING bubbling coppery potion
  3622 | D:3      | 3622 ||| READING scroll of identify.
  3622 | D:3      | 3622 ||| IDENTIFYING murky orange potion
  3623 | D:3      | 3623 ||| READING scroll labelled GYSHRU DUOGE.
  3624 | D:3      | 3624 ||| DROPPING potion of attraction.
  3746 | D:5      | Entered Level 5 of the Dungeon
  3781 | D:5      | Noticed Blork the orc
  3786 | D:5      | 3786 ||| ZAPPING wand of mindburst (3) at -1,0 (black bear;
                  | floor).
  3787 | D:5      | Reached skill level 8 in Dodging
  3787 | D:5      | Reached XP level 8. HP: 39/39 MP: 9/9
  3787 | D:5      | Noticed Ijyb
  3804 | D:5      | 3804 ||| ZAPPING wand of mindburst (2) at -1,0 (Blork the
                  | orc; floor).
  3805 | D:5      | 3805 ||| ZAPPING wand of mindburst (1) at -1,0 (Blork the
                  | orc; floor).
  3805 | D:5      | Killed Blork the orc
  3813 | D:5      | Killed Ijyb
  3814 | D:5      | Reached skill level 3 in Fighting
  3989 | D:5      | Found a staircase to the Ecumenical Temple.
  3990 | D:5      | 3990 ||| PLANNING TEMPLE
  3995 | Temple   | Entered the Ecumenical Temple
  3996 | Temple   | 3996 ||| PLANNING OKAWARU WORSHIP
  4015 | Temple   | Became a worshipper of Warmaster Okawaru
  4016 | Temple   | 4016 ||| PLANNING D:1-11
  4016 | Temple   | 4016 ||| REMOVING amulet of guardian spirit.
  4134 | D:5      | Reached skill level 9 in Dodging
  4502 | D:5      | Noticed Duvessa
  4508 | D:5      | Noticed Dowan
  4514 | D:5      | 4514 ||| ZAPPING wand of iceblast (5) at 1,-2 (floor).
  4521 | D:5      | Killed Duvessa
  4522 | D:5      | HP: 10/40 [poisoned by Dowan]
  4523 | D:5      | 4523 ||| READING 2 scrolls of teleportation.
  4524 | D:5      | 4524 ||| FLEEEEING.
  4524 | D:5      | HP: 3/40 [poisoned by Dowan]
  4525 | D:5      | 4525 ||| FLEEEEING.
  4526 | D:5      | 4526 ||| FLEEEEING.
  4526 | D:5      | Succumbed to Dowan's poison

Levels and vault maps discovered:
D:1:      evilmike_arrival_crescent, layout_basic
D:2:      layout_basic, basic_altar, minmay_misc_feat_diagonals,
          nicolae_shop_unique_rings, uniq_natasha
D:3:      layout_loops_corners, ebering_ecumenical_altar_petrified,
          grunt_decor_arrowhead, uniq_sigmund, uniq_terence
D:4:      layout_rooms, nzn_wu_jian_contemplation, gup_sewer_entry_pipe,
          serial_shops, nicolae_square_shop, guppyfry_early_lair_pool
D:5:      layout_basic, minmay_temple_entry_nine_rooms, uniq_duvessa,
          uniq_blork_the_orc, uniq_ijyb
Temple:   lightli_temple_of_artemis

Skill      XL: |  1  2  3  4  5  6  7  8 |
---------------+-------------------------+-----
Dodging        | 3 4 5 7 8 9 |  9.1
Ranged Weapons | 5 6 7 8 |  8.5
Fighting       | 2 3 |  3.0
Stealth        | |  1.5

Action                     |  1- 3 |  4- 6 |  7- 9 || total
---------------------------+-------+-------+-------++-------
   Fire: Shortbow          |    53 |   233 |   197 ||   483
  Evoke: Wand              |       |       |    10 ||    10
    Use: Scroll            |     3 |     3 |     7 ||    13
         Potion            |     1 |       |     1 ||     2
 Armour: Robe              |     4 |    34 |    32 ||    70
  Dodge: Dodged            |     2 |   130 |    94 ||   226

Table legend:
 A = Non-vault XP
 B = Vault XP
 C = Vault XP percentage of total XP
 D = Non-vault monster count
 E = Vault monster count
 F = Vault count percentage of total count
                 A         B        C        D         E       F
            +---------+---------+-------+---------+---------+-------
      Total |    1131 |     927 |  45.0 |      90 |      64 |  41.6
            +---------+---------+-------+---------+---------+-------
        D:1 |      34 |       0 |   0.0 |      20 |       0 |   0.0
        D:2 |     149 |      36 |  19.5 |      27 |       1 |   3.6
        D:3 |      14 |     279 |  95.2 |       9 |       2 |  18.2
        D:4 |     496 |      37 |   6.9 |      24 |       7 |  22.6
        D:5 |     438 |     272 |  38.3 |      10 |       3 |  23.1
      Sewer |       0 |     303 | 100.0 |       0 |      51 | 100.0
            +---------+---------+-------+---------+---------+-------
